AoeStats
← ccvillegas20

Hideout

510184070Analyzed
1v1 RM · 2d ago on Sep 29, 2026· 40m 27s· 2 players
Game mode
Random Map
Map size
Tiny (2 player)
Population
200
Speed
Normal
Resources
Standard
Victory
Conquest
Starting age
Dark Age
Ending age
Imperial Age
RankedLock teamsTeams togetherTeam positionsShared explorationLock speedFull tech treeHidden civsTurbo modeCheats
Victory
Defeat
🇨🇴 Danes · Colombia
878
+16
🇨🇴 Byzantines · Colombia
883
-16
ccvillegas20
10:36 Feudal Age
15:36 Castle Age
13:40 Double-Bit Axe
17:42 Horse Collar
18:23 Bow Saw
19:48 Wheelbarrow
23:07 Loom
24:22 Pikeman
25:04 Squires
25:50 Gold Mining
27:32 Hand Cart
30:19 Imperial Age
28:48 Scale Mail Armor
29:00 Forging
29:26 Heavy Plow
35:16 Chemistry
38:13 Chain Mail Armor
38:33 Iron Casting
37:47 Arson
38:43 Elite Jomsviking
39:45 Conscription
39:59 Plate Mail Armor
40:08 Northmen's Fury
II.Alejo.II
7:35 Loom
7:45 Loom
9:31 Feudal Age
14:16 Double-Bit Axe
14:12 Horse Collar
16:46 Castle Age
18:13 Gold Mining
18:44 Bow Saw
22:42 Fletching
22:57 Scale Barding Armor
23:57 Forging
26:15 Stone Mining
27:13 Padded Archer Armor
28:41 Stone Shaft Mining
29:28 Bodkin Arrow
41:17 Leather Archer Armor
Connection lost

Rejoining the realm…

Still unreachable

The connection could not be restored.

Session expired

The server has moved on; the page needs a fresh start.